 Dungeon Crawl Stone Soup version 0.16.1-12-gf5c4a84 (webtiles) character file.

2233716 Sabsy the Invulnerable (level 27, 284/318 (327) HPs)
             Began as a Minotaur Chaos Knight on Apr 3, 2015.
             Escaped with the Orb
             ... and 4 runes on Apr 10, 2015!
             The game lasted 12:45:04 (79447 turns).

Sabsy the Invulnerable (Minotaur Chaos Knight)     Turns: 79447, Time: 12:45:04

HP:   284/318 (327) AC: 62    Str: 33      XL:     27
MP:   35/41         EV: 17    Int:  5 (6)  God:    Xom [.*....]
Gold: 5933          SH:  0    Dex: 15      Spells: 0 memorised, 26 levels left

rFire  + + .     SeeInvis +     a - +8 glaive of Irritation {elec, Noisy rPois rN+ Int-5 SInv Stlth+}
rCold  + + +     Clarity  +     s - +15 Maxwell's patent armour {-Cast -Tele rElec MR+ rCorr}
rNeg   + + +     SustAb   .     (no shield)
rPois  +         Gourm    .     (helmet restricted)
rElec  +         Spirit   .     f - +4 dragonskin cloak
rCorr  +         Warding  .     C - +2 pair of gloves
rMut   +         NoTele   +     U - +2 pair of boots of Stity {rF+ rN+ Int-2 Stlth+}
MR     +++++     NoCast   +     r - amulet of Skudes {rMut SInv}
Stlth  ..........               B - ring "Chuonur" {rC+ rN+}
                                J - ring "Shirhuis" {+Fly rC+ Dex+2 Slay+2}

@: almost entirely resistant to hostile enchantments, extremely unstealthy
A: retaliatory headbutt, horns 2, talons 2, rough black scales 2, thin metallic
scales 1, agile 2, blink 2, breathe flames 1, clarity, clever 2, cold resistance
1, deterioration 1, fire resistance 1, magic resistance 2, regeneration 1,
robust 2, screaming 1, shaggy fur 2, electricity resistance, spit poison 2,
strong 2, evolution 1, MP-powered wands 3
a: Spit Poison, Blink, Renounce Religion, Breathe Fire, Evoke Flight
0: Orb of Zot
}: 4/15 runes: decaying, serpentine, slimy, silver


You escaped.
You worshipped Xom.
You were a plaything of Xom.
You were not hungry.

You visited 10 branches of the dungeon, and saw 61 of its levels.
You also visited: Labyrinth.

You collected 10101 gold pieces.
You spent 4124 gold pieces at shops.

Inventory:

Hand weapons
 a - the +8 glaive of Irritation (weapon) {elec, Noisy rPois rN+ Int-5 SInv Stlth+}
   (You took it off a minotaur in a labyrinth)

   Occasionally, upon striking a foe, it will discharge some electrical energy
   and cause terrible harm.
   It affects your intelligence (-5).
   It protects you from poison.
   It protects you from negative energy.
   It enhances your eyesight.
   It may make noises in combat.
   It makes you more stealthy.
 b - a +9 demon trident of flaming
Armour
 f - the +4 dragonskin cloak (worn)
   (You found it on level 1 of the Realm of Zot)
 s - the +15 Maxwell's patent armour (worn) {-Cast -Tele rElec MR+ rCorr}
   (You found it on level 8 of the Lair of Beasts)

   It insulates you from electricity.
   It affects your resistance to hostile enchantments.
   It prevents spellcasting.
   It prevents most forms of teleportation.
   It protects you from acid and corrosion.
 C - a +2 pair of gloves (worn)
 U - the +2 pair of boots of Stity (worn) {rF+ rN+ Int-2 Stlth+}
   (You found it on level 3 of the Elven Halls)

   It affects your intelligence (-2).
   It protects you from fire.
   It protects you from negative energy.
   It makes you more stealthy.
Jewellery
 r - the amulet of Skudes (around neck) {rMut SInv}
   (You found it on level 5 of the Vaults)

   [amulet of resist mutation]

   It protects you from mutation.
   It enhances your eyesight.
 B - the ring "Chuonur" (right hand) {rC+ rN+}
   (You found it on level 5 of the Vaults)

   [ring of positive energy]

   It protects you from cold.
   It protects you from negative energy.
 E - an uncursed amulet of rage
 J - the ring "Shirhuis" (left hand) {+Fly rC+ Dex+2 Slay+2}
   (You bought it in a shop on level 8 of the Dungeon)

   [ring of flight]

   It affects your dexterity (+2).
   It affects your accuracy and damage with ranged weapons and melee attacks
   (+2).
   It protects you from cold.
   It lets you fly.
 M - an uncursed amulet of stasis
Magical devices
 e - a wand of digging (2)
 j - a wand of heal wounds (7)
 n - a wand of fireball (5)
 t - a wand of disintegration (8)
 L - a wand of digging (13)
Scrolls
 g - 10 scrolls of identify
 i - 30 scrolls of remove curse
 k - 2 scrolls of fear
 l - a scroll of summoning
 o - a scroll of enchant weapon
 u - a scroll of enchant armour
 R - 12 scrolls of magic mapping
 V - 8 scrolls of fog
 Z - 3 scrolls of silence
Potions
 d - a potion of haste
 p - a potion of invisibility
 v - 19 potions of curing
 w - 6 potions of agility
 z - a potion of restore abilities
 A - 9 potions of might
 G - a potion of resistance
 H - a potion of cancellation
 N - 2 potions of berserk rage
 Y - 3 potions of cure mutation
Miscellaneous
 q - a disc of storms
 y - a stone of tremors
 O - a phial of floods
 Q - a lamp of fire
Comestibles
 c - 23 bread rations


   Skills:
 O Level 27 Fighting
 O Level 27 Polearms
 O Level 27 Armour
 - Level 14.1 Dodging
 - Level 15.1 Unarmed Combat
 + Level 23.1 Evocations


You had 26 spell levels left.
You didn't know any spells.

Dungeon Overview and Level Annotations

Branches:
Dungeon (15/15)            Temple (0/1) D:7            Lair (8/8) D:11
  Swamp (5/5) Lair:5        Snake (5/5) Lair:3        Slime (6/6) Lair:8
    Orc (4/4) D:10            Elf (3/3) Orc:3        Vaults (5/5) D:14
  Crypt (0/3) Vaults:2     Depths (5/5) D:15            Zot (5/5) Depths:5

Altars:
Ashenzari
Cheibriados
Gozag
Kikubaaqudgha
Makhleb
Nemelex Xobeh
Okawaru
Qazlal
Ru
Sif Muna
Trog
Vehumet
Xom
Yredelemnul
Zin
Beogh
Jiyva

Shops:
D:8 =   Orc:3 =![   Orc:4 [:[!   Elf:2 !   Snake:3 ?   Snake:5 ?   Vaults:2 :
Vaults:3 ?   Vaults:4 ::[[

Portals:
Hell: Lair:8 Depths:1 Depths:2* Depths:3 Depths:4 Depths:5
Abyss: Depths:2 Depths:4
Pandemonium: Depths:3 Depths:5
Ziggurat: Depths:4

Annotations:
D:3 Sigmund; nubinia's ghost, average TeVM
D:7 exclusion: hill giant
D:13 1 runed door
Vaults:4 1 exclusion


Innate Abilities, Weirdness & Mutations

You reflexively headbutt those who attack you in melee.
You have a pair of horns on your head.
You have razor-sharp toenails.
You are mostly covered in rough black scales (AC +7, Dex -2).
You are partially covered in thin metallic scales (AC +2).
You are very agile. (Dex +4)
You are good at translocating small distances at will.
You can breathe flames.
You possess an exceptional clarity of mind.
Your mind is very acute. (Int +4)
Your flesh is cold resistant.
Your body is slowly deteriorating.
Your flesh is heat resistant.
You are highly resistant to hostile enchantments.
Your natural rate of healing is unusually fast.
You are very robust (+20% HP).
You occasionally shout uncontrollably at your foes.
You are covered in thick fur (AC +2).
You are resistant to electric shocks.
You can spit moderately strong poison.
Your muscles are very strong. (Str +4)
You evolve.
You expend magic power (9 MP) to make your wands much stronger.


Message History

The rock shatters into small pieces.
This wand has 3 charges left.
The sixfirhy hits you but does no damage.
The sixfirhy completely misses you. You furiously retaliate!
You headbutt the sixfirhy! The sixfirhy misses you. You furiously retaliate!
You headbutt the sixfirhy. The sixfirhy misses you. You furiously retaliate!
You headbutt the sixfirhy.
Evoke which item? (* to show all) (? for menu, Esc to quit)
Zapping:
e - a wand of digging (3)
Press: ? - help, Shift-Dir - straight line, f - you
Okay, then.
Unknown command.
You cut the sixfirhy into ribbons!!!
You kill the sixfirhy!
No target in view!
Evoke which item? (* to show all) (? for menu, Esc to quit)
Zapping:
e - a wand of digging (3)
Press: ? - help, Shift-Dir - straight line The rock shatters into small pieces.
This wand has 2 charges left.
There is a staircase leading out of the dungeon here.
You have escaped!

...###.###########.# #......
....##.# ####.# #.....# .......#
#....# #.###.# ....#### ###.##.##
#.###.. ...## ####.......##
#.##.#. #.## ##....#####..###
#.###.# #.# ##....#.....#...# #.#
#.. #.##
#....#....(..#..####.###..
...#####...#....@................
............#.......#....########
#†.###.##....#.....#........# #
#..###.###....#####......##.# #
.......# ####.......#...###.# #
##.####### ##########.## #.# #
#.#.....# #.# #.# #
##.#.....###### #.# #.# #
..............# #.# #.# #


There were no monsters in sight!

Vanquished Creatures
  7 orbs of fire
  A pandemonium lord (D:6)
  10 ancient liches
  3 shard shrikes
  Saint Roka (Elf:3)
  A caustic shrike (shapeshifter) (Slime:6)
  3 Killer Klowns
  3 curse toes
  Mara (Vaults:2)
  Mennas (Vaults:3)
  The ghost of Thomus the Slayer, a mighty HOFi of Okawaru (Vaults:3)
  11 golden dragons
  6 bone dragons
  4 electric golems
  6 liches
  20 tentacled monstrosities
  Vashnia (Snake:3)
  3 quicksilver dragons
  2 deep elf blademasters
  A Shadow Fiend (Zot:2)
  Asterion (Snake:5)
  24 Orb Guardians
  9 titans
  5 sphinxes
  21 acid blobs
  A thorn hunter (Swamp:2)
  An eldritch tentacle (Zot:5)
  An octopode crusher (Depths:1)
  Agnes (Elf:3)
  An Executioner (Zot:2)
  5 tengu reavers
  8 shadow dragons
  Frances (Swamp:5)
  17 storm dragons
  27 azure jellies
  7 draconian monks
  8 greater nagas
  11 fire giants
  The ghost of hulla the Nimble, a mighty OpTm of Makhleb (Snake:3)
  Donald (Snake:2)
  Wiglaf (Elf:2)
  8 frost giants
  2 iron dragons
  11 vault wardens
  A balrug (Elf:1)
  Aizul (Snake:1)
  Louise (Swamp:5)
  2 draconian scorchers
  8 deep elf sorcerers
  3 emperor scorpions
  6 draconian knights
  15 draconian zealots
  5 ghost moths
  An orc warlord (Depths:4)
  Jorgrun (Snake:3)
  A vampire knight (Depths:5)
  6 draconian annihilators
  A caustic shrike skeleton (Depths:2)
  2 war gargoyles (Vaults:5)
  4 draconian callers
  18 stone giants
  11 ironheart preservers
  11 very ugly things
  3 draconian shifters (Zot:1)
  12 deep elf demonologists
  10 grey draconians
  14 green draconians
  8 rakshasas
  11 yellow draconians
  11 black draconians
  Azrael (Snake:2)
  8 dire elephants
  9 mottled draconians
  10 red draconians
  10 purple draconians
  13 deep elf annihilators
  3 pale draconians
  15 white draconians
  16 death oozes
  2 merfolk javelineers (Depths:3)
  A green death (D:6)
  An ettin (shapeshifter) (Vaults:2)
  7 deep elf death magi
  22 fire dragons
  32 vault guards
  5 minotaurs
  6 deep elf high priests
  18 ettins
  15 great orbs of eyes
  20 death cobs
  20 yaktaur captains
  2 ghost crabs
  4 jiangshi
  8 centaur warriors
  12 naga warriors
  11 ogre magi
  17 ice dragons
  31 hydras
  2 spriggan air magi
  Erica (D:15)
  3 catoblepae
  4 deep troll shamans
  A ghost crab (shapeshifter) (Depths:3)
  10 anacondas
  18 dancing weapons
  12 deep troll earth magi
  A satyr (shapeshifter) (Slime:6)
  4 vampire magi
  3 tengu warriors
  3 spriggan berserkers
  5 orc high priests
  6 shock serpents
  9 alligators
  Urug (Orc:2)
  23 death yaks
  2 sun demons
  26 naga sharpshooters
  4 soul eaters
  Nergalle (Lair:3)
  A storm dragon zombie (Zot:2)
  19 deep elf knights
  4 skeletal warriors
  A salamander mystic (Depths:4)
  An iron troll (Depths:3)
  2 shadow wraiths
  4 giant orange brains
  An ice devil (Swamp:2)
  A sea snake (Snake:3)
  10 swamp dragons
  2 spriggan druids (Swamp:5)
  18 deep elf summoners
  12 ironbrand convokers
  3 flayed ghosts
  16 hell knights
  A lindwurm (shapeshifter) (Vaults:1)
  2 lindwurms (Depths:4)
  24 orc knights
  5 harpies (Vaults:4)
  2 unseen horrors
  21 deep trolls
  Pikel (D:7)
  6 naga ritualists
  2 shambling mangroves
  A torturous demonspawn (D:9)
  9 necromancers
  A harpy (shapeshifter) (Vaults:1)
  A shadow dragon zombie (Zot:2)
  7 shining eyes
  4 mana vipers
  3 draconian zombies
  2 cyclopes
  A draconian (shapeshifter) (Depths:3)
  5 hill giants
  A faun (shapeshifter) (Zot:2)
  A salamander (shapeshifter) (Vaults:1)
  7 salamanders
  15 deep elf conjurers
  A stone giant zombie (D:15)
  8 griffons
  A shining eye (shapeshifter) (Vaults:2)
  3 wizards
  4 phantasmal warriors
  6 wolf spiders
  7 manticores
  6 sixfirhies
  2 hornets
  6 orc sorcerers
  A rust devil (Orc:4)
  A moth of wrath (shapeshifter) (Depths:2)
  A frost giant zombie (Vaults:5)
  28 moths of wrath
  63 ugly things
  A black mamba (shapeshifter) (Depths:3)
  An elephant (shapeshifter) (Vaults:4)
  A smoke demon (Zot:3)
  3 guardian serpents
  6 gargoyles
  5 orange demons
  A storm dragon simulacrum (Depths:2)
  39 black mambas
  A torpor snail (shapeshifter) (Vaults:5)
  2 queen ants
  16 vault sentinels
  4 eyes of devastation
  6 fire drakes
  A white draconian zombie (Zot:3)
  15 spiny frogs
  2 tormentors
  29 naga magi
  50 yaktaurs
  3 hellions
  A spectral infernal demonspawn (Swamp:4)
  5 demonic crawlers
  An elf (shapeshifter) (D:15)
  2 small abominations
  A spiny frog (shapeshifter) (Vaults:5)
  A purple draconian zombie (Zot:3)
  2 efreet
  17 komodo dragons
  3 kobold demonologists
  A yaktaur zombie (D:15)
  3 hellwings
  3 blue devils
  2 yaktaurs (shapeshifter)
  A troll (shapeshifter) (Depths:2)
  4 guardian mummies
  10 trolls
  15 deep elf priests
  A fire drake (shapeshifter) (D:15)
  5 freezing wraiths
  4 red devils
  25 two-headed ogres
  4 jumping spiders
  2 queen bees (shapeshifter)
  4 tengu conjurers
  4 giant leeches
  Sonja (D:15)
  A polar bear (Depths:5)
  5 bog bodies
  A merfolk (shapeshifter) (Vaults:5)
  A minotaur zombie (D:15)
  Prince Ribbit (Lair:2)
  A sphinx simulacrum (Vaults:2)
  A wind drake (Zot:2)
  A baby alligator (shapeshifter) (Depths:2)
  A boulder beetle (Vaults:4)
  A fire dragon zombie (Zot:2)
  A moth of wrath zombie (Zot:2)
  23 blink frogs
  7 basilisks
  13 ravens
  94 slime creatures
  2 air elementals (Depths:2)
  2 slime creatures (shapeshifter)
  A spectral giant leech (Swamp:4)
  A trapdoor spider (D:15)
  44 deep elf magi
  6 spriggans
  5 shadows
  A spriggan (shapeshifter) (Vaults:4)
  A flying skull (Depths:4)
  A blink frog (shapeshifter) (Vaults:1)
  A wyvern (shapeshifter) (Elf:3)
  6 tarantellas
  11 fire elementals
  A human (shapeshifter) (Vaults:2)
  10 water elementals
  8 baby alligators
  A fire bat (shapeshifter) (Zot:2)
  4 wyverns
  13 golden eyes
  6 vampires
  2 wraiths
  39 vampire mosquitoes
  25 redbacks
  42 yaks
  3 large abominations
  A yak (shapeshifter) (Vaults:1)
  61 nagas
  35 deep elf fighters
  9 hippogriffs
  A neqoxec (Elf:3)
  8 mottled dragons
  A steam dragon (Lair:6)
  3 chaos spawn
  8 wargs
  A deep troll zombie (Vaults:5)
  3 human zombies
  16 insubstantial wisps
  23 swamp worms
  11 wolves
  29 water moccasins
  3 hungry ghosts
  5 hell hounds
  2 slaves (D:7)
  2 soldier ants
  4 wasps
  16 porcupines
  2 ice beasts
  A water moccasin (shapeshifter) (Depths:2)
  15 swamp drakes
  3 black bears
  49 orc warriors
  4 phantoms
  A sky beast (D:13)
  A boring beetle (shapeshifter) (Depths:5)
  2 eyes of draining (Depths:1)
  45 ogres
  A deep dwarf (shapeshifter) (Snake:5)
  11 boggarts
  17 centaurs
  An eye of draining (shapeshifter) (Depths:2)
  Duvessa (D:6)
  6 big kobolds
  19 crocodiles
  A boring beetle (Lair:5)
  Blork the orc (D:7)
  A glowing shapeshifter simulacrum (Vaults:2)
  23 giant frogs
  5 scorpions
  A wyvern skeleton (D:15)
  4 killer bees (D:11)
  A killer bee (shapeshifter) (Zot:2)
  8 wights
  2 troll zombies (D:9)
  5 centaur zombies
  30 crimson imps
  2 giant frog zombies
  37 orc priests
  12 quasits
  Dowan (D:6)
  3 centaur skeletons
  8 iron imps
  28 jellies
  Crazy Yiuf (D:3)
  12 hounds
  14 iguanas
  A two-headed ogre skeleton (D:11)
  A black bear skeleton (D:11)
  A giant frog skeleton (D:7)
  43 orc wizards
  16 sheep
  8 worker ants
  26 hell rats
  4 ogre zombies (D:9)
  Ijyb (D:3)
  A hound skeleton (D:9)
  A mummy (D:10)
  2 worker ant zombies
  24 adders
  6 gnolls
  88 river rats
  5 giant mites
  9 white imps
  21 shadow imps
  A worm (Snake:1)
  14 ufetubi
  6 giant geckos
  6 oozes
  205 orcs
  2 bat skeletons
  20 hobgoblins
  9 jackals
  17 quokkas
  A ball python (Snake:3)
  23 bats
  5 giant cockroaches
  A giant gecko skeleton (D:6)
  A giant gecko zombie (D:6)
  5 giant newts
  2 giant spores
  18 goblins
  A goblin zombie (D:9)
  A hobgoblin skeleton (D:9)
  3 hobgoblin zombies (D:9)
  A jackal skeleton (D:4)
  32 kobolds
  2 orc skeletons
  10 orc zombies
  A quokka zombie (D:6)
  24 rats
  A spectral ball python (Swamp:4)
  A spectral orc (Lair:3)
  6 ballistomycetes
  4 crawling corpses
  8 fungi
  3 plants
3248 creatures vanquished.

Vanquished Creatures (collateral kills)
  A tentacled monstrosity (Depths:4)
  A deep elf blademaster (Elf:3)
  A sphinx (Depths:3)
  A fire giant (Depths:2)
  A caustic shrike zombie (D:15)
  3 deep elf sorcerers (Elf:3)
  An ironheart preserver (Vaults:1)
  A green draconian (Zot:5)
  A stone giant (Vaults:5)
  A deep elf annihilator (Elf:3)
  A yellow draconian (Zot:5)
  A mottled draconian (Zot:1)
  A death ooze (Slime:6)
  A deep elf death mage (Elf:3)
  A vault guard (Vaults:1)
  A great orb of eyes (Depths:4)
  2 death yaks (Depths:2)
  An ogre mage (Depths:2)
  A centaur warrior (D:15)
  2 deep trolls
  2 ironbrand convokers
  A hill giant (Depths:3)
  An ugly thing (Vaults:3)
  A mana viper (Snake:1)
  A centaur zombie (D:15)
  2 black mambas
  The ghost of Sabsy the Poker, an experienced MiCK of Xom (D:4)
  A yaktaur (Vaults:5)
  A large abomination (Depths:4)
  A deep elf priest (Elf:2)
  A vampire (Depths:2)
  2 deep elf magi
  2 hungry ghosts (D:9)
  4 water moccasins
  2 nagas (Snake:3)
  A swamp drake (Zot:2)
  An ogre (Depths:2)
  2 slaves (D:7)
  2 jellies
  2 river rats (Lair:2)
  An adder (Snake:3)
  A white imp (Depths:4)
  A goblin zombie (D:9)
  A hobgoblin skeleton (D:9)
  A kobold (D:7)
  An orc skeleton (D:9)
  An orc zombie (D:9)
62 creatures vanquished.

Vanquished Creatures (others)
  A golden dragon (Zot:2)
  An Orb Guardian (Zot:5)
  An eldritch tentacle (Snake:5)
  A tengu reaver (Vaults:5)
  2 draconian scorchers (Zot:1)
  A draconian zealot (Zot:1)
  A draconian annihilator (Zot:5)
  A green draconian (Zot:5)
  A red draconian (Zot:5)
  An ice dragon (Zot:1)
  A death cob (Zot:1)
  An ogre mage (Vaults:4)
  5 dancing weapons
  An alligator (Swamp:4)
  A hell knight (Depths:3)
  A skeletal warrior (Depths:4)
  12 water elementals
  2 ball lightnings (Swamp:5)
  26 fire elementals
  2 slime creatures
  A fire vortex (Depths:2)
  A redback (Vaults:5)
  A vampire (D:15)
  Eustachio (D:6)
  A tarantella (Depths:2)
  A chaos spawn (Depths:4)
  An earth elemental (Depths:4)
  A sky beast (Slime:5)
  2 water moccasins (Lair:8)
  An ogre (Depths:2)
  A centaur (D:6)
  A human (D:4)
  3 lost souls
  18 crimson imps
  14 quasits
  15 iron imps
  A river rat (Lair:6)
  22 shadow imps
  18 white imps
  18 ufetubi
  An orc (Vaults:5)
  A giant spore (D:15)
  A ballistomycete (D:15)
  6 butterflies
  185 eldritch tentacle segments
  6 fungi
385 creatures vanquished.

Grand Total: 3695 creatures vanquished

Notes
Turn   | Place    | Note
--------------------------------------------------------------
     0 | D:1      | Sabsy, the Minotaur Chaos Knight, began the quest for the Orb.
     0 | D:1      | Reached XP level 1. HP: 19/19 MP: 1/1
   185 | D:1      | Reached skill level 4 in Polearms
   223 | D:1      | Reached XP level 2. HP: 25/27 MP: 1/1
   343 | D:1      | XOM: harmless Ice miscast
   359 | D:1      | XOM: divination: detect creatures
   447 | D:1      | XOM: harmless Divn miscast
   780 | D:2      | Reached XP level 3. HP: 33/33 MP: 2/2
   953 | D:2      | XOM: colour smoke trail
   960 | D:2      | Found a burning altar of Makhleb.
  1224 | D:3      | Noticed Sigmund
  1229 | D:3      | XOM: 3-stop teleportation journey
  1230 | D:3      | Noticed Crazy Yiuf
  1249 | D:3      | Killed Crazy Yiuf
  1312 | D:3      | XOM: give mutation
  1312 | D:3      | Gained mutation: Scrolls take you a little longer to read. [Xom's mischief]
  1424 | D:3      | Noticed Ijyb
  1433 | D:3      | Killed Ijyb
  1433 | D:3      | Reached XP level 4. HP: 34/41 MP: 2/2
  1524 | D:3      | XOM: harmless Air miscast
  1533 | D:3      | Reached skill level 5 in Polearms
  1559 | D:3      | Gained mutation: You have sharp toenails. [potion of beneficial mutation]
  1642 | D:3      | Found a sparkling altar of Nemelex Xobeh.
  1656 | D:3      | XOM: blink monster(s)
  1679 | D:3      | XOM: blink monster(s)
  1681 | D:3      | Reached XP level 5. HP: 47/47 MP: 2/2
  1852 | D:3      | Noticed nubinia's ghost (average TeVM)
  1852 | D:3      | XOM: silly message
  1854 | D:3      | Xom revived you
  2042 | D:4      | Reached skill level 5 in Fighting
  2086 | D:4      | Noticed a phantom
  2109 | D:4      | Killed a phantom
  2109 | D:4      | Reached XP level 6. HP: 50/56 MP: 3/3
  2110 | D:4      | Found an iron altar of Okawaru.
  2205 | D:4      | XOM: harmless Conj miscast
  2298 | D:4      | Noticed an ogre
  2310 | D:4      | Killed an ogre
  2430 | D:4      | XOM: colour smoke trail
  2489 | D:4      | Found an ancient bone altar of Kikubaaqudgha.
  2493 | D:4      | Noticed a human
  2494 | D:4      | Killed a human
  2614 | D:4      | XOM: god gift: plate armour {god gift}
  2710 | D:4      | Noticed Sabsy's ghost (experienced MiCK)
  2736 | D:4      | Reached skill level 6 in Polearms
  2754 | D:4      | XOM: summons friendly quasit
  2757 | D:4      | XOM: fog
  2776 | D:4      | XOM: confuse monster(s)
  2805 | D:4      | XOM: potion effect (brilliance)
  2808 | D:4      | XOM: confuse monster(s)
  2810 | D:4      | XOM: enchant monster (good)
  2818 | D:4      | XOM: silly message
  2852 | D:4      | XOM: divination: detect creatures
  2854 | D:4      | XOM: potion effect (brilliance)
  2857 | D:4      | XOM: enchant monster (bad)
  2859 | D:4      | XOM: divination: magic mapping
  2868 | D:4      | XOM: potion effect (agility)
  2898 | D:4      | XOM: enchant monster (good)
  2921 | D:4      | XOM: swap monsters
  2935 | D:4      | XOM: summons friendly ufetubus
  2942 | D:4      | XOM: fog
  2945 | D:4      | XOM: summons 6 friendly demons
  2977 | D:4      | Killed Sabsy's ghost
  2977 | D:4      | Reached XP level 7. HP: 30/62 MP: 3/3
  3136 | D:4      | XOM: god gift: broad axe {god gift}
  3510 | D:5      | Entered Level 5 of the Dungeon
  3558 | D:5      | XOM: give mutations
  3558 | D:5      | Gained mutation: Your mind is acute. (Int +2) [Xom's grace]
  3558 | D:5      | Gained mutation: Your muscles are strong. (Str +2) [Xom's grace]
  3558 | D:5      | Gained mutation: You are agile. (Dex +2) [Xom's grace]
  3570 | D:5      | Reached skill level 5 in Dodging
  3650 | D:5      | Reached skill level 7 in Polearms
  3669 | D:5      | XOM: fake destruction
  3673 | D:5      | Reached skill level 5 in Armour
  3692 | D:5      | XOM: summons 3 hostile demons
  3722 | D:5      | Found a sacrificial altar of Ru.
  3722 | D:5      | XOM: 6-stop teleportation journey
  3810 | D:5      | Reached XP level 8. HP: 65/71 MP: 3/3
  3870 | D:5      | XOM: enchant monster (good)
  3940 | D:5      | XOM: confusion
  3993 | D:5      | XOM: confusion (+ monsters)
  4131 | D:5      | XOM: confusion (+ monsters)
  4225 | D:5      | Found a shimmering altar of Xom.
  4509 | D:5      | XOM: colour smoke trail
  4512 | D:6      | Found a basalt altar of Yredelemnul.
  4517 | D:6      | Noticed Duvessa
  4518 | D:6      | Noticed Dowan
  4518 | D:6      | XOM: blink monster(s)
  4520 | D:6      | XOM: swap weapons
  4637 | D:6      | XOM: confusion
  4650 | D:6      | XOM: medium Ice miscast
  4705 | D:6      | Found a radiant altar of Vehumet.
  4727 | D:6      | Reached skill level 8 in Polearms
  4767 | D:6      | XOM: swap weapons
  4806 | D:6      | XOM: colour smoke trail
  4974 | D:6      | Noticed Eustachio
  4978 | D:6      | XOM: confuse monster(s)
  4981 | D:6      | Killed Eustachio
  5011 | D:6      | XOM: mild Air miscast
  5037 | D:6      | Found a basalt altar of Yredelemnul.
  5049 | D:6      | Reached XP level 9. HP: 77/80 MP: 4/4
  5071 | D:6      | XOM: harmless Trmt miscast
  5149 | D:6      | Killed Dowan
  5194 | D:6      | Found a stormy altar of Qazlal.
  5198 | D:6      | XOM: harmless Necr miscast
  5329 | D:6      | Killed Duvessa
  5407 | D:7      | XOM: noise
  5408 | D:7      | Reached skill level 9 in Polearms
  5423 | D:7      | Noticed Blork the orc
  5438 | D:7      | Killed Blork the orc
  5540 | D:7      | Found an opulent altar of Gozag.
  5578 | D:7      | Found a bloodstained altar of Trog.
  5607 | D:7      | Noticed Pikel
  5618 | D:7      | XOM: summons 4 friendly demons
  5627 | D:7      | XOM: polymorph ufetubus -> quasit
  5635 | D:7      | Killed Pikel
  5695 | D:7      | Found a staircase to the Ecumenical Temple.
  5700 | D:7      | Noticed a hill giant
  5777 | D:7      | a hill giant changed into a snapping turtle
  5777 | D:7      | XOM: polymorph hill giant -> snapping turtle
  5779 | D:7      | XOM: summons friendly crimson imp
  5804 | D:7      | XOM: confuse monster(s)
  5894 | D:7      | XOM: confuse monster(s)
  5986 | D:7      | Found a shattered altar of Ashenzari.
  5997 | D:7      | XOM: mild Divn miscast
  6048 | D:7      | XOM: enchant monster (good)
  6055 | D:7      | Reached skill level 10 in Polearms
  6062 | D:7      | Reached skill level 1 in Evocations
  6254 | D:7      | XOM: harmless Conj miscast
  6805 | D:8      | Found Klouklon's Jewellery Shoppe.
  6812 | D:8      | Bought the ring "Shirhuis" {+Fly rC+ Dex+2 Slay+2} for 485 gold pieces
  6952 | D:8      | XOM: harmless Erth miscast
  7002 | D:8      | Got a distressingly furry robe
  7013 | D:8      | Identified the +2 robe "Trusted Companion" {+Fly rF- Dex+7 SInv} (You found it on level 8 of the Dungeon)
  7297 | D:8      | XOM: scenery: 1 doors open, 1 doors close
  7306 | D:8      | Found a burning altar of Makhleb.
  7418 | D:8      | XOM: silly message
  7471 | D:9      | XOM: confusion (+ monsters)
  7483 | D:9      | Reached XP level 10. HP: 62/91 MP: 7/7
  7539 | D:9      | XOM: enchant monster (bad)
  7639 | D:9      | XOM: god gift: 580 gold pieces
  7790 | D:9      | XOM: god gift: shortbow {god gift}
  7910 | D:9      | Found a staircase to the Orcish Mines.
  7918 | D:9      | XOM: summons 3 friendly demons
  7929 | D:9      | Reached skill level 11 in Polearms
  7937 | D:9      | XOM: chaos cloud
  7938 | D:9      | XOM: noise
  7964 | D:9      | XOM: confuse monster(s)
  7987 | D:9      | Reached skill level 10 in Fighting
  8285 | D:9      | XOM: colour smoke trail
  8730 | D:10     | Entered Level 10 of the Dungeon
  8908 | D:10     | Found a staircase to the Orcish Mines.
  8937 | D:10     | Found a roughly hewn altar of Beogh.
  9000 | D:10     | XOM: divination: detect items
  9013 | D:10     | Noticed a hill giant
  9013 | D:10     | XOM: confuse monster(s)
  9021 | D:10     | XOM: enchant monster (good)
  9035 | D:10     | XOM: mild Ice miscast
  9073 | D:10     | XOM: repel stairs
  9184 | D:10     | XOM: summons 1 hostile demon
  9298 | D:10     | XOM: colour smoke trail
  9320 | D:10     | Noticed a hill giant
  9488 | D:11     | Noticed an unseen horror
  9494 | D:11     | Killed an unseen horror
  9494 | D:11     | Reached skill level 12 in Polearms
  9536 | D:11     | Found a staircase to the Lair.
  9622 | D:11     | XOM: noise
  9643 | Lair:1   | XOM: stealth player
  9643 | Lair:1   | Entered Level 1 of the Lair of Beasts
  9656 | Lair:1   | Reached skill level 10 in Dodging
  9772 | Lair:1   | Reached XP level 11. HP: 101/101 MP: 8/8
  9904 | Lair:1   | XOM: cast spell 'Blink'
  9919 | Lair:1   | XOM: confuse monster(s)
  9920 | Lair:1   | XOM: divination: detect items
  9941 | Lair:1   | XOM: give mutations
  9941 | Lair:1   | Gained mutation: You are robust (+10% HP). [Xom's grace]
  9941 | Lair:1   | Gained mutation: Your muscles are very strong. (Str +4) [Xom's grace]
 10102 | Lair:1   | Noticed a black mamba
 10109 | Lair:1   | Killed a black mamba
 10155 | Lair:1   | Noticed a black mamba
 10161 | Lair:1   | XOM: fog
 10166 | Lair:1   | Killed a black mamba
 10166 | Lair:1   | XOM: harmless Pois miscast
 10269 | Lair:1   | XOM: chaos cloud
 10272 | Lair:1   | Paralysed by you for 5 turns
 10272 | Lair:1   | XOM: medium Ice miscast
 10277 | Lair:1   | XOM: 1-stop teleportation journey
 10320 | Lair:1   | XOM: colour smoke trail
 10393 | Lair:1   | XOM: chaos cloud
 10682 | Lair:2   | XOM: enchant monster (bad)
 10687 | Lair:2   | XOM: enchant monster (good)
 10702 | Lair:2   | XOM: draining
 10731 | Lair:2   | Reached skill level 13 in Polearms
 10735 | Lair:2   | XOM: silly message
 11116 | Lair:2   | XOM: summons 4 hostile shadow creatures
 11227 | Lair:2   | Noticed Prince Ribbit
 11235 | Lair:2   | Noticed a five-headed hydra
 11239 | Lair:2   | XOM: summons friendly quasit
 11276 | Lair:2   | XOM: harmless Chrm miscast
 11363 | Lair:2   | Killed Prince Ribbit
 11384 | Lair:2   | XOM: confuse monster(s)
 11504 | Lair:2   | Noticed a seven-headed hydra
 11520 | Lair:2   | Killed a seven-headed hydra
 11520 | Lair:2   | Reached skill level 14 in Polearms
 11591 | Lair:3   | Found a staircase to the Snake Pit.
 11816 | Lair:3   | Noticed Nergalle
 11864 | Lair:3   | XOM: scenery: 2 doors open
 11892 | Lair:3   | XOM: chaos cloud
 11936 | Lair:3   | XOM: chaos cloud
 11939 | Lair:3   | Reached XP level 12. HP: 123/123 MP: 10/10
 11974 | Lair:3   | XOM: summons 6 hostile demons
 12036 | Lair:3   | XOM: confusion (+ monsters)
 12317 | Lair:3   | Identified a scroll of acquirement
 12333 | Lair:3   | Got a twisted glaive
 12349 | Lair:3   | Identified the +7 glaive of Departure {drain, Str-3 Dex+4} (You acquired it on level 3 of the Lair of Beasts)
 12435 | Lair:3   | XOM: confuse monster(s)
 12463 | Lair:3   | XOM: summons 6 hostile demons
 12509 | Lair:4   | XOM: summons 1 hostile demon
 12641 | Lair:4   | XOM: noise
 12678 | Lair:4   | Noticed a five-headed hydra
 12690 | Lair:4   | Killed a five-headed hydra
 12760 | Lair:4   | XOM: mild Conj miscast
 12986 | Lair:4   | XOM: mild Tloc miscast
 12992 | Lair:4   | Noticed a seven-headed hydra
 13000 | Lair:4   | XOM: cast spell 'Warp Weapon'
 13055 | Lair:4   | Killed a seven-headed hydra
 13135 | Lair:4   | XOM: mild Ice miscast
 13209 | Lair:4   | Reached skill level 15 in Polearms
 13460 | Lair:4   | XOM: mild Fire miscast
 13585 | Lair:5   | XOM: summons friendly crimson imp
 13774 | Lair:5   | Found a staircase to the Swamp.
 13938 | Lair:5   | Noticed an eight-headed hydra
 13950 | Lair:5   | Killed an eight-headed hydra
 14049 | Lair:5   | XOM: noise
 14089 | Lair:5   | XOM: summons 6 hostile demons
 14334 | Lair:6   | XOM: chaos cloud
 14338 | Lair:6   | XOM: summons 6 hostile demons
 14390 | Lair:6   | XOM: cast spell 'Necromutation'
 14503 | Lair:6   | XOM: noise
 14517 | Lair:6   | XOM: chaos cloud
 14519 | Lair:6   | XOM: polymorph basilisk -> naga
 14521 | Lair:6   | Reached XP level 13. HP: 134/134 MP: 11/11
 14585 | Lair:6   | XOM: give mutation
 14585 | Lair:6   | Gained mutation: You possess an exceptional clarity of mind. [Xom's mischief]
 14588 | Lair:6   | XOM: potion effect (curing)
 14594 | Lair:6   | Reached skill level 16 in Polearms
 14594 | Lair:6   | XOM: enchant monster (good)
 14897 | Lair:6   | XOM: enchant monster (good)
 15331 | Lair:7   | XOM: enchant monster (good)
 15337 | Lair:7   | XOM: cast spell 'Cause Fear'
 15347 | Lair:7   | XOM: enchant monster (good)
 15348 | Lair:7   | XOM: summons friendly crimson imp
 15368 | Lair:7   | XOM: summons friendly iron imp
 15369 | Lair:7   | XOM: swap monsters
 15584 | Lair:7   | XOM: divination: magic mapping
 15644 | Lair:7   | XOM: enchant monster (good)
 15818 | Lair:7   | XOM: smoke on damage
 15823 | Lair:7   | XOM: confuse monster(s)
 15886 | Lair:7   | Reached skill level 17 in Polearms
 16074 | Lair:7   | XOM: noise
 16087 | Lair:8   | Entered Level 8 of the Lair of Beasts
 16087 | Lair:8   | Found a labyrinth entrance.
 16106 | Lab      | Entered a labyrinth
 16177 | Lab      | XOM: harmless Summ miscast
 16603 | Lab      | XOM: cast spell 'Necromutation'
 16655 | Lab      | XOM: divination: magic mapping
 16735 | Lab      | XOM: harmless Fire miscast
 17049 | Lab      | XOM: mild Ice miscast
 17354 | Lab      | XOM: summons friendly shadow imp
 17370 | Lab      | Got a polished glaive
 17372 | Lab      | XOM: mild Erth miscast
 17382 | Lab      | XOM: cast spell 'Ice Form'
 17424 | Lab      | Identified the +8 glaive of Irritation {elec, Noisy rPois rN+ Int-5 SInv Stlth+} (You took it off a minotaur in a labyrinth)
 17568 | Lair:8   | Found a staircase to the Slime Pits.
 17606 | Lair:8   | XOM: harmless Air miscast
 17952 | Lair:8   | Found a burning altar of Makhleb.
 18003 | Lair:8   | Reached XP level 14. HP: 63/146 MP: 12/12
 18008 | Lair:8   | XOM: cast spell 'Stoneskin'
 18185 | Lair:8   | Found a gateway to Hell.
 18194 | Lair:8   | XOM: vitrification
 18754 | Lair:7   | XOM: give mutation
 18754 | Lair:7   | Gained mutation: Your flesh is cold resistant. [Xom's grace]
 18831 | Lair:7   | XOM: vitrification
 19149 | Lair:4   | XOM: vitrification
 19207 | Swamp:1  | Entered Level 1 of the Swamp
 19256 | Swamp:1  | Reached skill level 10 in Armour
 19338 | Swamp:1  | XOM: give mutations
 19338 | Swamp:1  | Gained mutation: You are partially covered in rough black scales (AC +4, Dex -1). [Xom's grace]
 19338 | Swamp:1  | Gained mutation: You are somewhat resistant to further mutation. [Xom's grace]
 19338 | Swamp:1  | Gained mutation: You are resistant to hostile enchantments. [Xom's grace]
 19338 | Swamp:1  | Gained mutation: Your mind is very acute. (Int +4) [Xom's grace]
 19459 | Swamp:1  | Found a burning altar of Makhleb.
 19523 | Swamp:1  | XOM: god gift: robe {god gift}
 19785 | Swamp:1  | Got a bloodstained leather armour
 19852 | Swamp:1  | XOM: fake destruction
 19877 | Swamp:1  | XOM: fake destruction
 20049 | Swamp:2  | Noticed a thorn hunter
 20070 | Swamp:2  | Killed a thorn hunter
 20153 | Swamp:2  | XOM: god gift: war axe {god gift}
 20201 | Swamp:2  | XOM: summons 7 hostile demons
 20268 | Swamp:2  | XOM is BORED!
 20268 | Swamp:2  | XOM: mild Air miscast
 20273 | Swamp:3  | XOM: confuse monster(s)
 20312 | Swamp:3  | XOM: cast spell 'Cause Fear'
 20322 | Swamp:3  | XOM: destruction
 20436 | Swamp:3  | XOM: stat loss: -1 Str (24/25)
 20441 | Swamp:3  | XOM: mild Necr miscast
 20476 | Swamp:3  | XOM: confuse monster(s)
 20510 | Swamp:3  | XOM: noise
 21018 | Swamp:4  | XOM: noise
 21128 | Swamp:4  | XOM: blink monster(s)
 21133 | Swamp:4  | XOM: summons 4 friendly demons
 21135 | Swamp:4  | XOM: silly message
 21140 | Swamp:4  | XOM: polymorph ghost crab -> komodo dragon
 21169 | Swamp:4  | Reached XP level 15. HP: 152/152 MP: 13/13
 21176 | Swamp:4  | Reached skill level 15 in Armour
 21380 | Swamp:4  | XOM: god gift: bread ration
 21476 | Swamp:5  | Entered Level 5 of the Swamp
 21485 | Swamp:5  | XOM: divination: detect creatures
 21499 | Swamp:5  | XOM: enchant monster (bad)
 21502 | Swamp:5  | XOM: polymorph spriggan druid -> sea snake
 21505 | Swamp:5  | XOM: destruction
 21529 | Swamp:5  | XOM: harmless Pois miscast
 21625 | Swamp:5  | XOM: mild Ice miscast
 21697 | Swamp:5  | XOM: give mutations
 21697 | Swamp:5  | Lost mutation: You are resistant to hostile enchantments. [Xom's mischief]
 21697 | Swamp:5  | Lost mutation: Your muscles are very strong. (Str +4) [Xom's mischief]
 21705 | Swamp:5  | XOM: silly message
 21706 | Swamp:5  | XOM: cast spell 'Conjure Ball Lightning'
 21823 | Swamp:5  | XOM: chaos upgrade
 21915 | Swamp:5  | Noticed Louise
 21920 | Swamp:5  | XOM: silly message
 21935 | Swamp:5  | XOM: cast spell 'Discord'
 21947 | Swamp:5  | Killed Louise
 21952 | Swamp:5  | XOM: blink monster(s)
 22180 | Swamp:5  | Noticed Frances
 22181 | Swamp:5  | XOM: noise
 22188 | Swamp:5  | Killed Frances
 22201 | Swamp:5  | Got a decaying rune of Zot
 22241 | Swamp:5  | XOM: divination: magic mapping
 22275 | Swamp:4  | XOM: colour smoke trail
 22301 | Swamp:3  | XOM: noise
 22770 | Slime:1  | Entered Level 1 of the Pits of Slime
 22791 | Slime:2  | XOM: noise
 22791 | Slime:2  | Noticed an acid blob
 23288 | Lair:7   | XOM: harmless Divn miscast
 23353 | Slime:1  | Killed an acid blob
 23353 | Slime:1  | Reached skill level 18 in Armour
 23397 | Slime:1  | XOM: colour smoke trail
 23614 | Slime:2  | XOM: divination: detect creatures
 23628 | Slime:2  | XOM: enchant monster (bad)
 23657 | Slime:3  | XOM: mild Fire miscast
 23789 | Slime:2  | XOM: give mutations
 23789 | Slime:2  | Lost mutation: Scrolls take you a little longer to read. [Xom's mischief]
 23789 | Slime:2  | Gained mutation: You occasionally shout uncontrollably at your foes. [Xom's mischief]
 23789 | Slime:2  | Lost mutation: You possess an exceptional clarity of mind. [Xom's mischief]
 23789 | Slime:2  | Gained mutation: Scrolls take you a little longer to read. [Xom's mischief]
 24032 | Slime:3  | Gained mutation: Your body is slowly deteriorating. [a shining eye]
 24033 | Slime:3  | Gained mutation: You expend magic power (3 MP) to slightly strengthen your wands. [a shining eye]
 24057 | Slime:4  | Noticed an azure jelly
 24098 | Slime:4  | Killed an azure jelly
 24107 | Slime:4  | XOM: blink monster(s)
 24115 | Slime:4  | Reached skill level 19 in Armour
 24124 | Slime:4  | XOM: divination: magic mapping
 24246 | Slime:5  | Noticed an acid blob
 24249 | Slime:5  | XOM: polymorph golden eye -> sky beast
 24253 | Slime:5  | XOM: confuse monster(s)
 24255 | Slime:5  | Killed an acid blob
 24255 | Slime:5  | Reached XP level 16. HP: 88/161 MP: 14/14
 24464 | Slime:6  | Entered Level 6 of the Pits of Slime
 24484 | Slime:6  | Noticed an acid blob
 24485 | Slime:6  | XOM: enchant monster (good)
 24494 | Slime:6  | XOM: divination: detect creatures
 24498 | Slime:6  | XOM: harmless Erth miscast
 24520 | Slime:6  | Killed an acid blob
 24587 | Slime:5  | XOM: divination: magic mapping
 24661 | Slime:5  | XOM: divination: detect creatures
 24703 | Slime:6  | Lost mutation: You are robust (+10% HP). [a shining eye]
 24740 | Slime:6  | Found a viscous altar of Jiyva.
 24743 | Slime:6  | Noticed the royal jelly
 24743 | Slime:6  | XOM: divination: detect creatures
 24745 | Slime:6  | Noticed an acid blob
 24754 | Slime:6  | Killed an acid blob
 24759 | Slime:6  | XOM: fake destruction
 24763 | Slime:6  | XOM: cast spell 'Stoneskin'
 24766 | Slime:6  | XOM: potion effect (invisibility)
 24768 | Slime:6  | Noticed an acid blob
 24772 | Slime:6  | Killed an acid blob
 24783 | Slime:6  | XOM: summons 4 friendly demons
 24800 | Slime:6  | Noticed an acid blob
 24801 | Slime:6  | Noticed an acid blob
 24801 | Slime:6  | Noticed an acid blob
 24809 | Slime:6  | XOM: summons friendly crimson imp
 24811 | Slime:6  | XOM: summons 4 friendly demons
 24825 | Slime:6  | XOM: summons friendly iron imp
 24829 | Slime:6  | XOM: summons 6 friendly demons
 24832 | Slime:5  | Killed an acid blob
 24837 | Slime:5  | Killed an acid blob
 25059 | Slime:6  | Noticed an acid blob
 25061 | Slime:6  | XOM: summons 16 friendly demons
 25065 | Slime:6  | Noticed an acid blob
 25070 | Slime:6  | XOM: summons 16 friendly demons
 25345 | Slime:6  | XOM: summons friendly ufetubus
 25346 | Slime:6  | Killed an acid blob
 25348 | Slime:6  | XOM: summons 16 friendly demons
 25356 | Slime:6  | Noticed an acid blob
 25356 | Slime:6  | Noticed an acid blob
 26072 | D:11     | XOM: potion effect (agility)
 26130 | D:11     | XOM: give mutations
 26130 | D:11     | Gained mutation: You are resistant to electric shocks. [Xom's grace]
 26130 | D:11     | Gained mutation: You are partially covered in thin metallic scales (AC +2). [Xom's grace]
 26130 | D:11     | Gained mutation: You are robust (+10% HP). [Xom's grace]
 26159 | D:10     | XOM: blink monster(s)
 26185 | D:10     | XOM: swap monsters
 26188 | D:10     | Killed a hill giant
 26188 | D:10     | Reached skill level 5 in Evocations
 26353 | D:11     | XOM: fog
 26360 | D:11     | XOM: god gift: 31 gold pieces
 26495 | D:8      | Bought the amulet "Xaniliv" {Ward +Blink rN+ SInv} for 365 gold pieces
 26656 | Orc:1    | Entered Level 1 of the Orcish Mines
 26696 | Orc:1    | XOM: harmless Conj miscast
 26733 | Orc:1    | XOM: give mutations
 26733 | Orc:1    | Lost mutation: You have sharp toenails. [Xom's mischief]
 26733 | Orc:1    | Lost mutation: Scrolls take you a little longer to read. [Xom's mischief]
 26785 | Orc:2    | Noticed Urug
 26794 | Orc:2    | Killed Urug
 27073 | Orc:2    | You fall through a shaft for 2 floors!
 27073 | Orc:4    | Entered Level 4 of the Orcish Mines
 27088 | Orc:4    | XOM: polymorph orc -> quokka
 27175 | Orc:4    | XOM: blink monster(s)
 27253 | Orc:4    | XOM: mild Chrm miscast
 27657 | Orc:4    | XOM: cast spell 'Dispersal'
 27658 | Orc:4    | XOM: divination: detect items
 27664 | Orc:4    | XOM: silly message
 27667 | Orc:4    | XOM: cast spell 'Stoneskin'
 27764 | Orc:4    | Found Okaukkaov's Armour Shop.
 27764 | Orc:4    | Found Qetaesch's Book Shop.
 27768 | Orc:4    | Found Shuhuren's Distillery.
 27774 | Orc:4    | Found Klaac's Antique Armour Boutique.
 28205 | Orc:3    | Found Throgu's Distillery.
 28240 | Orc:3    | Bought a potion of heal wounds for 75 gold pieces
 28240 | Orc:3    | Bought a potion of heal wounds for 75 gold pieces
 28240 | Orc:3    | Bought a potion of heal wounds for 75 gold pieces
 28492 | Orc:3    | Found Qyuhaum's Antique Armour Boutique.
 28578 | Orc:3    | Found a staircase to the Elven Halls.
 28614 | Orc:3    | Found Owkopuf's Jewellery Boutique.
 28715 | Orc:3    | Paralysed by an orc sorcerer for 7 turns
 28839 | Orc:3    | XOM: cast spell 'Dragon Form'
 28982 | Orc:3    | XOM: harmless Air miscast
 29165 | Orc:1    | XOM: medium Tloc miscast
 29524 | D:11     | Found a deep blue altar of Sif Muna.
 29734 | D:11     | Noticed a hill giant
 29740 | D:11     | Killed a hill giant
 30313 | D:12     | XOM: medium Conj miscast
 30330 | D:12     | XOM: harmless Summ miscast
 30414 | D:12     | XOM: confuse monster(s)
 30503 | D:13     | XOM: noise
 30519 | D:13     | XOM: divination: magic mapping
 30530 | D:13     | XOM: silly message
 30618 | D:13     | Found a runed door.
 30663 | D:13     | Got a pitted scimitar
 30671 | D:13     | Identified the +5 scimitar of Balance {slice, rC- Int+3 Dex+8} (You found it on level 13 of the Dungeon)
 30990 | D:13     | XOM: cast spell 'Olgreb's Toxic Radiance'
 31033 | D:13     | Got a heavily runed ruby amulet
 31057 | D:13     | Identified the amulet "Sycso" {Ward +Inv rN+} (You found it on level 13 of the Dungeon)
 31272 | D:13     | XOM: divination: detect creatures
 31351 | D:13     | Reached skill level 10 in Evocations
 31868 | D:13     | XOM: divination: detect creatures
 31956 | D:14     | XOM: divination: detect creatures
 32024 | D:14     | XOM: divination: detect creatures
 32097 | D:14     | XOM: divination: detect creatures
 32120 | D:14     | XOM: potion effect (might)
 32126 | D:14     | XOM: harmless Trmt miscast
 32159 | D:14     | XOM: mild Erth miscast
 32206 | D:14     | Found a gate to the Vaults.
 32211 | D:14     | Reached XP level 17. HP: 166/166 MP: 27/27
 32307 | D:14     | XOM: chaos upgrade
 32389 | D:14     | Found a snail-covered altar of Cheibriados.
 32456 | D:14     | XOM: enchant monster (bad)
 32710 | D:15     | Entered Level 15 of the Dungeon
 32710 | D:15     | Found a staircase to the Depths.
 32720 | D:15     | XOM: summons 8 hostile demons
 32732 | D:15     | Noticed Sonja
 32740 | D:15     | XOM: blink monster(s)
 32744 | D:15     | Killed Sonja
 32803 | D:15     | Reached skill level 15 in Fighting
 32806 | D:15     | XOM: blink monster(s)
 32945 | D:15     | XOM: destruction
 32954 | D:15     | XOM: fake destruction
 33013 | D:15     | Noticed Erica
 33013 | D:15     | XOM: enchant monster (bad)
 33020 | D:15     | XOM: noise
 33021 | D:15     | Killed Erica
 33299 | D:15     | XOM: give mutation
 33299 | D:15     | Lost mutation: Your muscles are strong. (Str +2) [Xom's mischief]
 33395 | D:15     | XOM: give mutation
 33395 | D:15     | Lost mutation: Your mind is very acute. (Int +4) [Xom's mischief]
 33590 | Depths:1 | Entered Level 1 of the Depths
 33607 | D:15     | XOM: summons 10 friendly demons
 33622 | D:15     | XOM: enchant monster (bad)
 33791 | D:14     | XOM: mild Trmt miscast
 34461 | Lair:2   | XOM: colour smoke trail
 34474 | Lair:2   | Reached XP level 18. HP: 177/181 MP: 28/28
 34679 | Lair:7   | XOM: confusion (+ monsters)
 34681 | Lair:7   | XOM: noise
 34727 | Lair:7   | XOM: silly message
 34751 | Lair:8   | XOM: confusion
 34755 | Lair:8   | XOM: confusion
 34798 | Slime:2  | XOM: harmless Hex miscast
 34827 | Slime:6  | XOM: enchant monster (bad)
 34835 | Slime:5  | Killed an acid blob
 34925 | Slime:5  | XOM: silly message
 35041 | Slime:6  | Killed an acid blob
 35234 | Slime:5  | XOM: mild Trmt miscast
 35337 | Slime:6  | XOM: cast spell 'Chain of Chaos'
 35344 | Slime:6  | XOM: enchant monster (good)
 35347 | Slime:6  | Killed an acid blob
 35353 | Slime:5  | Killed an acid blob
 35564 | Slime:5  | XOM: draining
 35566 | Slime:5  | XOM: silly message
 35588 | Slime:6  | Gained mutation: Your magical capacity is low (-10% MP). [a shining eye]
 35601 | Slime:6  | XOM: summons friendly crimson imp
 35606 | Slime:6  | XOM: polymorph slime creature -> satyr
 35611 | Slime:6  | Reached skill level 20 in Armour
 35668 | Slime:6  | XOM: god gift: 26 gold pieces
 35795 | Slime:6  | XOM: give mutations
 35795 | Slime:6  | Gained mutation: You are mostly covered in rough black scales (AC +7, Dex -2). [Xom's grace]
 35795 | Slime:6  | Gained mutation: You can translocate small distances at will. [Xom's grace]
 35795 | Slime:6  | Gained mutation: You are covered in fur (AC +1). [Xom's grace]
 35838 | Slime:6  | XOM: swap monsters
 35874 | Slime:6  | XOM: potion effect (berserk rage)
 36312 | Lair:5   | XOM: colour smoke trail
 36398 | Lair:2   | Killed a five-headed hydra
 36695 | Orc:4    | Bought a potion of haste for 150 gold pieces
 36695 | Orc:4    | Bought a potion of heal wounds for 75 gold pieces
 36695 | Orc:4    | Bought a potion of haste for 150 gold pieces
 36695 | Orc:4    | Bought a potion of curing for 45 gold pieces
 36695 | Orc:4    | Bought a potion of curing for 45 gold pieces
 36695 | Orc:4    | Bought a potion of curing for 45 gold pieces
 36695 | Orc:4    | Bought a potion of haste for 150 gold pieces
 36696 | Orc:4    | Bought a transparent scale mail for 252 gold pieces
 36707 | Orc:4    | Identified the +4 scale mail "Etiuwk" {rElec rC- MP+9 Str+6} (You bought it in a shop on level 4 of the Orcish Mines)
 36732 | Orc:4    | XOM: harmless Fire miscast
 36981 | Orc:1    | XOM: noise
 37185 | Depths:1 | XOM: noise
 37299 | Depths:1 | XOM: chaos cloud
 37352 | Depths:1 | XOM: noise
 37369 | Depths:1 | XOM: cast spell 'Statue Form'
 37370 | Depths:1 | XOM: swap monsters
 37793 | Depths:1 | XOM: blink monster(s)
 37795 | Depths:1 | XOM: stat loss: -1 Str (23/24)
 37816 | Depths:1 | XOM: polymorph great orb of eyes -> griffon
 38062 | D:15     | XOM: god gift: polished scale mail {god gift}
 38076 | D:15     | Got a polished scale mail {god gift}
 38092 | D:15     | Identified the cursed -1 scale mail of the Vaults {rElec rF+ Str+4 Int+3 Slay-3} (Xom gifted it to you on level 15 of the Dungeon)
 38157 | Depths:1 | XOM: polymorph red ugly thing -> ice dragon
 38296 | Depths:1 | XOM: polymorph tengu reaver -> quicksilver dragon
 38377 | Depths:1 | XOM: noise
 38395 | Depths:1 | XOM: swap monsters
 38622 | Depths:1 | XOM: enchant monster (good)
 38637 | Depths:1 | XOM: destruction
 38689 | Depths:1 | Reached XP level 19. HP: 100/189 MP: 26/26
 39010 | Depths:1 | XOM: polymorph deep troll earth mage -> fire dragon
 39013 | Depths:1 | XOM: summons 7 friendly demons
 39083 | Depths:1 | Reached skill level 21 in Armour
 39221 | Depths:1 | Got a shimmering scimitar
 39223 | Depths:1 | Identified the +5 scimitar "Impbane" {flame, rN+} (You found it on level 1 of the Depths)
 39224 | Depths:1 | XOM: god gift: 4 arrows of dispersal
 39259 | Depths:1 | XOM: medium Fire miscast
 39291 | Depths:1 | XOM: blink monster(s)
 39317 | Depths:2 | XOM: repel stairs
 39328 | Depths:2 | XOM: harmless Summ miscast
 39333 | Depths:2 | XOM: summons friendly white imp
 39336 | Depths:2 | XOM: confusion
 39468 | Depths:2 | XOM: summons 4 hostile shadow creatures
 39475 | Depths:2 | XOM: fake destruction
 39504 | Depths:2 | XOM: polymorph emperor scorpion -> catoblepas
 39819 | Depths:2 | XOM: divination: detect items
 39840 | Depths:2 | XOM: mild Fire miscast
 39849 | Depths:2 | XOM: harmless Pois miscast
 40004 | Depths:2 | XOM: enchant monster (bad)
 40010 | Depths:2 | XOM: polymorph titan -> iron dragon
 40062 | Depths:2 | XOM: mild Necr miscast
 40320 | Depths:2 | XOM: scenery: 3 doors close
 40330 | Depths:2 | XOM: blink monster(s)
 40340 | Depths:2 | XOM: divine lightning (protected)
 40341 | Depths:2 | XOM: draining
 40343 | Depths:2 | XOM: enchant monster (good)
 40344 | Depths:2 | Reached skill level 22 in Armour
 40477 | Depths:2 | XOM: confuse monster(s)
 40489 | Depths:2 | XOM: swap weapons
 40576 | Depths:2 | XOM: summons 4 hostile shadow creatures
 40720 | Depths:2 | XOM: noise
 40861 | Depths:2 | Found a one-way gate to the infinite horrors of the Abyss.
 40894 | Depths:2 | XOM: summons 3 hostile shadow creatures
 41022 | Depths:2 | Noticed a golden dragon
 41030 | Depths:2 | XOM: enchant monster (good)
 41034 | Depths:2 | Killed a golden dragon
 41163 | Depths:3 | XOM: god gift: legendary deck of cards {god gift}
 41202 | Depths:3 | XOM: polymorph spriggan air mage -> queen ant
 41214 | Depths:3 | Reached XP level 20. HP: 133/205 MP: 26/26
 41530 | Depths:3 | XOM: enchant monster (bad)
 41579 | Depths:3 | Paralysed by a lich for 3 turns
 41601 | Depths:3 | Found a one-way gate leading to the halls of Pandemonium.
 41601 | Depths:3 | Noticed a golden dragon
 41604 | Depths:3 | XOM: swap weapons
 41606 | Depths:3 | Reached skill level 23 in Armour
 41607 | Depths:3 | XOM: harmless Pois miscast
 41609 | Depths:3 | XOM: medium Trmt miscast
 41619 | Depths:3 | XOM: confusion
 41659 | Depths:3 | Killed a golden dragon
 42474 | Depths:3 | XOM: silly message
 42493 | Depths:3 | XOM: give mutation
 42493 | Depths:3 | Gained mutation: You have a pair of large horns on your head. [Xom's grace]
 42503 | Depths:3 | XOM: polymorph polar bear -> human
 42666 | Depths:3 | XOM: polymorph hell knight -> ghost crab
 42680 | Depths:3 | XOM: god gift: scimitar {god gift}
 42864 | Depths:3 | XOM: god gift: scroll of amnesia
 42900 | Depths:3 | XOM: summons 8 friendly demons
 43214 | Depths:3 | XOM: potion effect (haste)
 43218 | Depths:3 | XOM: enchant monster (good)
 43581 | Depths:4 | Found a gateway to a ziggurat.
 43710 | Depths:4 | Found a large runed door.
 43711 | Depths:4 | Found a large runed door.
 43765 | Depths:4 | Reached skill level 24 in Armour
 43861 | Depths:4 | XOM: summons friendly white imp
 43862 | Depths:4 | XOM: confuse monster(s)
 43890 | Depths:4 | XOM: enchant monster (good)
 43903 | Depths:4 | XOM: stat loss: -1 Int (5/6)
 43906 | Depths:4 | XOM: potion effect (haste)
 44114 | Depths:4 | XOM: divination: magic mapping
 44179 | Depths:4 | XOM: noise
 44196 | Depths:4 | XOM: summons 3 friendly demons
 44348 | Depths:4 | XOM: mild Chrm miscast
 44356 | Depths:4 | XOM: potion effect (curing)
 44363 | Depths:4 | Reached XP level 21. HP: 208/220 MP: 27/27
 44419 | Depths:4 | XOM: god gift: 14 gold pieces
 44441 | Depths:4 | XOM: summons friendly chaos spawn
 44444 | Depths:4 | Paralysed by a great orb of eyes for 5 turns
 44453 | Depths:4 | XOM: summons 7 friendly demons
 44475 | Depths:4 | XOM: confusion (+ monsters)
 44487 | Depths:4 | XOM: harmless Air miscast
 44694 | Depths:4 | XOM: cast spell 'Confusing Touch'
 44753 | Depths:4 | XOM: vitrification
 44863 | Depths:4 | XOM: summons friendly ufetubus
 45195 | Depths:5 | Entered Level 5 of the Depths
 45265 | Depths:5 | XOM: give mutations
 45265 | Depths:5 | Gained mutation: Your mind is very acute. (Int +4) [Xom's grace]
 45265 | Depths:5 | Gained mutation: You are resistant to hostile enchantments. [Xom's grace]
 45265 | Depths:5 | Gained mutation: You can breathe flames. [Xom's grace]
 45278 | Depths:5 | XOM: enchant monster (bad)
 45280 | Depths:5 | XOM: divination: detect creatures
 45296 | Depths:5 | XOM: silly message
 45637 | Depths:5 | Reached skill level 25 in Armour
 45809 | Depths:5 | XOM: blink monster(s)
 45818 | Depths:5 | XOM: summons friendly crimson imp
 46031 | Depths:5 | XOM: cast spell 'Metabolic Englaciation'
 46046 | Depths:5 | XOM: potion effect (agility)
 46088 | Depths:5 | Found a gate to the Realm of Zot.
 46120 | Depths:5 | XOM: colour smoke trail
 46234 | Depths:5 | XOM: confusion (+ monsters)
 46247 | Depths:5 | XOM: summons friendly white imp
 46249 | Depths:5 | XOM: confuse monster(s)
 46253 | Depths:5 | XOM: enchant monster (good)
 46411 | Depths:5 | XOM: god gift: 51 gold pieces
 46430 | Depths:5 | XOM: confuse monster(s)
 46454 | Depths:5 | XOM: summons friendly ufetubus
 46474 | Depths:5 | XOM: enchant monster (bad)
 46603 | Depths:5 | XOM: mild Conj miscast
 46674 | Depths:5 | XOM: god gift: scroll of vulnerability
 46915 | Depths:5 | XOM: noise
 47339 | Depths:2 | XOM: destruction
 47458 | Depths:2 | XOM: colour smoke trail
 47468 | Depths:2 | Noticed a golden dragon
 47504 | Depths:2 | Killed a golden dragon
 47504 | Depths:2 | Reached skill level 26 in Armour
 47626 | D:14     | XOM: medium Conj miscast
 47857 | Lair:3   | Killed Nergalle
 47864 | Snake:1  | Entered Level 1 of the Snake Pit
 47892 | Snake:1  | XOM: harmless Hex miscast
 48146 | Snake:1  | XOM: polymorph water moccasin -> worm
 48235 | Snake:1  | Noticed Aizul
 48235 | Snake:1  | XOM: potion effect (brilliance)
 48240 | Snake:1  | XOM: silly message
 48247 | Snake:1  | Killed Aizul
 48382 | Snake:1  | XOM: harmless Pois miscast
 48489 | Snake:1  | XOM: harmless Ice miscast
 48730 | Snake:1  | XOM: divination: detect creatures
 48913 | Snake:2  | Upgraded the game from 0.16.1-11-g651b585 to 0.16.1-12-gf5c4a84
 48960 | Snake:2  | Found a glowing silver altar of Zin.
 49022 | Snake:2  | Noticed Donald
 49039 | Snake:2  | Killed Donald
 49229 | Snake:2  | XOM: confuse monster(s)
 49369 | Snake:2  | XOM: divination: magic mapping
 49521 | Snake:2  | Got a fine flail
 49802 | Snake:2  | XOM: harmless Trmt miscast
 49827 | Snake:2  | Noticed Azrael
 49853 | Snake:2  | Killed Azrael
 50223 | Snake:3  | XOM: harmless Divn miscast
 50237 | Snake:3  | Noticed hulla's ghost (mighty OpTm)
 50251 | Snake:3  | Killed hulla's ghost
 50289 | Snake:3  | Reached XP level 22. HP: 229/229 MP: 27/27
 50302 | Snake:3  | Found Cradixiph's Magic Scroll Boutique.
 50307 | Snake:3  | Bought a scroll of identify for 40 gold pieces
 50307 | Snake:3  | Bought a scroll of identify for 40 gold pieces
 50307 | Snake:3  | Bought a scroll of identify for 40 gold pieces
 50307 | Snake:3  | Bought a scroll of identify for 40 gold pieces
 50433 | Snake:3  | XOM: noise
 50450 | Snake:3  | Noticed Jorgrun
 50454 | Snake:3  | Reached skill level 27 in Armour
 50458 | Snake:3  | XOM: cast spell 'Ring of Flames'
 50462 | Snake:3  | Killed Jorgrun
 50656 | Snake:3  | Found a runed gate.
 50657 | Snake:3  | Found a runed gate.
 50658 | Snake:3  | Found a runed gate.
 50689 | Snake:3  | Identified the +6 flail "Ehaochen" {vamp, -Cast rElec rPois rC- Dex+3} (You found it on level 2 of the Snake Pit)
 50717 | Snake:3  | Noticed Vashnia
 50745 | Snake:3  | Killed Vashnia
 50749 | Snake:3  | XOM: smoke on damage
 50761 | Snake:3  | XOM: divination: detect items
 50762 | Snake:3  | XOM: give mutation
 50762 | Snake:3  | Gained mutation: You are covered in thick fur (AC +2). [Xom's grace]
 50768 | Snake:3  | XOM: god gift: 60 gold pieces
 50938 | Snake:3  | XOM: silly message
 51165 | Snake:3  | XOM: divination: detect creatures
 51260 | Snake:3  | XOM: scenery: 1 doors close
 51577 | Snake:3  | XOM: scenery: 1 doors close
 51834 | Snake:3  | XOM: give mutations
 51834 | Snake:3  | Gained mutation: You possess an exceptional clarity of mind. [Xom's grace]
 51834 | Snake:3  | Gained mutation: You are very robust (+20% HP). [Xom's grace]
 51834 | Snake:3  | Gained mutation: You can spit poison. [Xom's grace]
 51834 | Snake:3  | Lost mutation: Your magical capacity is low (-10% MP). [Xom's grace]
 52163 | Snake:4  | XOM: divination: magic mapping
 52342 | Snake:4  | XOM: confuse monster(s)
 52356 | Snake:4  | XOM: enchant monster (good)
 52437 | Snake:4  | XOM: give mutations
 52437 | Snake:4  | Gained mutation: You are very agile. (Dex +4) [Xom's grace]
 52437 | Snake:4  | Gained mutation: You can spit moderately strong poison. [Xom's grace]
 52609 | Snake:4  | XOM: give mutation
 52609 | Snake:4  | Gained mutation: Your muscles are strong. (Str +2) [Xom's grace]
 52968 | Snake:4  | XOM: summons 2 hostile demons
 53136 | Snake:5  | Entered Level 5 of the Snake Pit
 53210 | Snake:5  | XOM: enchant monster (bad)
 53395 | Snake:5  | Found Suluerr's Magic Scroll Boutique.
 53400 | Snake:5  | Bought a scroll of enchant armour for 157 gold pieces
 53400 | Snake:5  | Bought a scroll of identify for 42 gold pieces
 53522 | Snake:5  | XOM: colour smoke trail
 53538 | Snake:5  | Noticed Asterion
 53538 | Snake:5  | XOM: silly message
 53540 | Snake:5  | XOM: mild Necr miscast
 53549 | Snake:5  | XOM: chaos cloud
 53563 | Snake:5  | Killed Asterion
 53624 | Snake:5  | XOM: enchant monster (bad)
 53678 | Snake:5  | XOM: give mutations
 53678 | Snake:5  | Gained mutation: You have sharp toenails. [Xom's grace]
 53678 | Snake:5  | Gained mutation: You are good at translocating small distances at will. [Xom's grace]
 53678 | Snake:5  | Gained mutation: Your muscles are very strong. (Str +4) [Xom's grace]
 53686 | Snake:5  | XOM: enchant monster (bad)
 53905 | Snake:4  | XOM: scenery: create altars
 54102 | Snake:5  | XOM: polymorph naga -> deep dwarf
 54254 | Snake:5  | XOM: severe Summ miscast
 54325 | Snake:5  | XOM: divination: detect creatures
 54356 | Snake:5  | XOM: fog
 54416 | Snake:5  | Got a serpentine rune of Zot
 54478 | Snake:5  | XOM: divination: detect items
 54759 | Snake:5  | XOM: god gift: twisted jewelled staff {god gift}
 54819 | Snake:5  | XOM: harmless Pois miscast
 54947 | Snake:5  | XOM: scenery: create altars
 55560 | Slime:6  | XOM: divination: detect items
 55601 | Slime:6  | XOM: noise
 55603 | Slime:6  | Noticed a shard shrike shaped Royal Jelly
 55603 | Slime:6  | the royal jelly changed into a shard shrike shaped Royal Jelly
 55603 | Slime:6  | XOM: polymorph royal jelly -> shard shrike shaped Royal Jelly
 55611 | Slime:5  | XOM: enchant monster (good)
 55777 | Slime:5  | XOM: colour smoke trail
 55865 | Slime:6  | Noticed an acid blob
 56004 | Slime:6  | XOM: cast spell 'Metabolic Englaciation'
 56011 | Slime:5  | XOM: polymorph azure jelly -> catoblepas
 56094 | Slime:6  | XOM: enchant monster (bad)
 56102 | Slime:5  | Killed an acid blob
 56134 | Slime:6  | XOM: blink monster(s)
 56313 | Slime:6  | Killed a shard shrike shaped Royal Jelly
 56324 | Slime:6  | Noticed a caustic shrike
 56324 | Slime:6  | an acid blob changed into a caustic shrike
 56324 | Slime:6  | XOM: polymorph acid blob -> caustic shrike
 56330 | Slime:6  | XOM: enchant monster (bad)
 56335 | Slime:6  | Killed a caustic shrike
 56354 | Slime:6  | XOM: chaos cloud
 56390 | Slime:6  | XOM: god gift: thick jewelled rod {god gift}
 56455 | Slime:6  | Got a crude golden ring
 56459 | Slime:6  | Got a slimy rune of Zot
 56491 | Slime:6  | Identified the ring "Prahat" {rF+ Str+4 Int-3 Slay+3} (You found it on level 6 of the Pits of Slime)
 56557 | Slime:6  | Got a scorched spear
 56559 | Slime:6  | Identified the +1 spear of Honesty {pierce, Noisy Str+5} (You found it on level 6 of the Pits of Slime)
 56573 | Slime:6  | Got a pitted copper ring
 56574 | Slime:6  | Identified the ring "Niqyaco" {Fire rPois rN+ Int+2 Dex-5 Stlth+} (You found it on level 6 of the Pits of Slime)
 56695 | Slime:6  | XOM: noise
 57214 | D:11     | XOM: colour smoke trail
 57257 | D:10     | XOM: mild Conj miscast
 57295 | Orc:1    | XOM: mild Divn miscast
 57352 | Elf:1    | Entered Level 1 of the Elven Halls
 57358 | Elf:1    | XOM: swap weapons
 57544 | Orc:2    | XOM: harmless Fire miscast
 57611 | D:10     | Killed a hill giant
 57989 | Elf:1    | XOM: harmless Pois miscast
 58060 | Elf:1    | XOM: divination: detect items
 58129 | Elf:1    | XOM: divination: detect creatures
 58551 | Elf:2    | Found Xuatyac's Distillery.
 58560 | Elf:2    | Bought a potion of beneficial mutation for 700 gold pieces
 58560 | Elf:2    | Bought a potion of heal wounds for 100 gold pieces
 58560 | Elf:2    | Bought a potion of might for 80 gold pieces
 58560 | Elf:2    | Bought a potion of haste for 200 gold pieces
 58570 | Elf:2    | Gained mutation: Your spells are a little harder to cast, but a little more powerful. [potion of beneficial mutation]
 58744 | Elf:2    | XOM: divination: detect items
 58779 | Elf:2    | XOM: divination: detect items
 59064 | Elf:2    | Reached XP level 23. HP: 261/261 MP: 32/32
 59131 | Elf:2    | Found a huge runed gate.
 59131 | Elf:2    | Found a huge runed gate.
 59131 | Elf:2    | Found a huge runed gate.
 59223 | Elf:2    | XOM is BORED!
 59223 | Elf:2    | XOM: silly message
 59260 | Elf:2    | XOM: divination: detect items
 59363 | Elf:2    | XOM: god gift: helmet {god gift}
 59388 | Elf:2    | XOM: fog
 59542 | Elf:2    | XOM: vitrification
 59559 | Elf:2    | XOM: confuse monster(s)
 59612 | Elf:3    | Entered Level 3 of the Elven Halls
 59612 | Elf:3    | Noticed Wiglaf
 59616 | Elf:3    | Noticed Saint Roka
 59625 | Elf:2    | Killed Wiglaf
 59636 | Elf:3    | XOM: confuse monster(s)
 59647 | Elf:3    | Killed Saint Roka
 59789 | Elf:3    | XOM: divination: magic mapping
 59835 | Elf:3    | XOM: destruction
 60102 | Elf:3    | XOM: enchant monster (good)
 60118 | Elf:3    | XOM: harmless Hex miscast
 60177 | Elf:3    | XOM: god gift: lantern of shadows
 60459 | Elf:3    | Got a transparent diamond amulet
 60633 | Elf:3    | Identified the Disquisition on the Mountains
 60649 | Elf:3    | Identified the amulet "Zujusosa" {Clar rElec rN+ MP+9 Str-5 Dex-4} (You took it off a deep elf annihilator on level 3 of the Elven Halls)
 60659 | Elf:3    | Got a pair of dazzling boots
 60664 | Elf:3    | Identified the +2 pair of boots of Stity {rF+ rN+ Int-2 Stlth+} (You found it on level 3 of the Elven Halls)
 60761 | Elf:3    | Noticed Agnes
 60769 | Elf:3    | Killed Agnes
 60913 | Elf:3    | XOM: confuse monster(s)
 60919 | Elf:3    | XOM: potion effect (berserk rage)
 60928 | Elf:3    | XOM: potion effect (invisibility)
 61117 | Elf:3    | XOM: colour smoke trail
 61502 | Vaults:1 | Entered Level 1 of the Vaults
 61547 | Vaults:1 | XOM: harmless Trmt miscast
 62268 | Vaults:1 | XOM: harmless Chrm miscast
 62366 | Vaults:2 | XOM: divination: magic mapping
 62369 | Vaults:2 | XOM: chaos upgrade
 62370 | Vaults:2 | XOM: polymorph brown ugly thing -> alligator
 62379 | Vaults:2 | XOM: potion effect (curing)
 62494 | Vaults:2 | XOM: scenery: 3 doors close
 62575 | Vaults:2 | Found Iwuom's Book Shoppe.
 62605 | Vaults:2 | XOM: vitrification
 62711 | Vaults:2 | XOM: destruction
 62849 | Vaults:2 | XOM: divination: magic mapping
 63125 | Vaults:2 | XOM: harmless Hex miscast
 63415 | Vaults:2 | Reached XP level 24. HP: 285/285 MP: 33/33
 63517 | Vaults:2 | Found a staircase to the Crypt.
 63564 | Vaults:2 | Got a bloodstained hand axe
 63568 | Vaults:2 | Identified the +7 hand axe of Freehold {pain, rPois Str+3} (You found it on level 2 of the Vaults)
 63570 | Vaults:2 | XOM: god gift: papyrus book {god gift}
 63579 | Vaults:2 | Noticed Mara
 63599 | Vaults:2 | Killed Mara
 63785 | Vaults:2 | XOM is BORED!
 63785 | Vaults:2 | XOM: summons 3 hostile demons
 63987 | Vaults:3 | Noticed Mennas
 63989 | Vaults:3 | XOM: summons 2 friendly demons
 64018 | Vaults:3 | Killed Mennas
 64232 | Vaults:3 | Found Iqishrua's Magic Scroll Boutique.
 64237 | Vaults:3 | Bought a scroll of acquirement for 572 gold pieces
 64237 | Vaults:3 | Bought a scroll of identify for 22 gold pieces
 64237 | Vaults:3 | Bought a scroll of identify for 22 gold pieces
 64237 | Vaults:3 | Bought a scroll of enchant armour for 82 gold pieces
 64243 | Vaults:3 | Got a smoking halberd
 64244 | Vaults:3 | Identified the +6 halberd "Jopnutoutu" {chop, rElec} (You acquired it on level 3 of the Vaults)
 64308 | Vaults:3 | XOM: cast spell 'Spider Form'
 64330 | Vaults:3 | Noticed Thomus' ghost (mighty HOFi)
 64347 | Vaults:3 | XOM: divination: detect creatures
 64367 | Vaults:3 | Killed Thomus' ghost
 64437 | Vaults:3 | XOM: enchant monster (good)
 64456 | Vaults:3 | XOM: scenery: 1 doors open, 1 doors close
 64571 | Vaults:3 | Reached skill level 27 in Fighting
 64712 | Vaults:3 | XOM: polymorph deep elf sorcerer -> ghost moth
 64719 | Vaults:3 | XOM: cast spell 'Summon Butterflies'
 64724 | Vaults:3 | XOM: noise
 64830 | Vaults:3 | XOM: scenery: 1 doors open
 64929 | Vaults:3 | XOM: give mutations
 64929 | Vaults:3 | Gained mutation: You have razor-sharp toenails. [Xom's grace]
 64929 | Vaults:3 | Gained mutation: You are highly resistant to hostile enchantments. [Xom's grace]
 65330 | Vaults:3 | XOM: harmless Air miscast
 65331 | Vaults:3 | XOM: harmless Air miscast
 65524 | Vaults:3 | XOM: mild Air miscast
 65549 | Vaults:3 | XOM: confuse monster(s)
 65618 | Vaults:3 | XOM: colour smoke trail
 65641 | Vaults:4 | Found Iwurph's Antique Armour Emporium.
 65678 | Vaults:4 | Found Bargh's Armour Shoppe.
 65820 | Vaults:4 | XOM: summons friendly ufetubus
 65884 | Vaults:4 | XOM: confuse monster(s)
 66103 | Vaults:4 | XOM: summons 12 friendly demons
 66106 | Vaults:4 | XOM: blink monster(s)
 66276 | Vaults:4 | XOM: silly message
 66448 | Vaults:4 | XOM: confuse monster(s)
 66466 | Vaults:4 | XOM: noise
 66468 | Vaults:4 | Got a twisted morningstar
 66477 | Vaults:4 | Identified the +5 morningstar of Mutilation {speed, MR+} (You took it off a deep elf mage on level 4 of the Vaults)
 66742 | Vaults:4 | XOM: noise
 66786 | Vaults:4 | Found Pnoonan's Book Boutique.
 66902 | Vaults:4 | XOM: give mutations
 66902 | Vaults:4 | Gained mutation: Your natural rate of healing is unusually fast. [Xom's grace]
 66902 | Vaults:4 | Lost mutation: You are somewhat resistant to further mutation. [Xom's grace]
 66902 | Vaults:4 | Gained mutation: You evolve. [Xom's grace]
 66902 | Vaults:4 | Gained mutation: Your flesh is heat resistant. [Xom's grace]
 66902 | Vaults:4 | Gained mutation: Your system is resistant to poisons. [Xom's grace]
 66941 | Vaults:4 | XOM: summons 12 hostile demons
 67054 | Vaults:4 | XOM: god gift: 44 gold pieces
 67111 | Vaults:4 | Found Gacaqeat's Book Emporium.
 67238 | Vaults:5 | Entered Level 5 of the Vaults
 67238 | Vaults:5 | XOM: summons friendly ufetubus
 67243 | Vaults:4 | XOM: confuse monster(s)
 67256 | Vaults:5 | XOM: polymorph vault guard -> queen ant
 67292 | Vaults:5 | XOM: enchant monster (good)
 67315 | Vaults:4 | Reached XP level 25. HP: 103/299 MP: 33/33
 67419 | Vaults:4 | XOM: harmless Divn miscast
 67623 | Vaults:4 | XOM: confuse monster(s)
 67648 | Vaults:5 | XOM: cast spell 'Statue Form'
 67657 | Vaults:4 | XOM: god gift: shiny plate armour {god gift}
 67809 | Vaults:4 | XOM: summons friendly white imp
 67909 | Vaults:5 | XOM: cast spell 'Summon Dragon'
 67948 | Vaults:5 | XOM: confuse monster(s)
 68013 | Vaults:5 | XOM: potion effect (berserk rage)
 68026 | Vaults:5 | XOM: summons 5 friendly demons
 68099 | Vaults:5 | XOM: enchant monster (good)
 68100 | Vaults:5 | XOM: summons friendly ufetubus
 68165 | Vaults:5 | Gained mutation: You heal very quickly. [potion of beneficial mutation]
 68269 | Vaults:5 | XOM: destruction
 68315 | Vaults:5 | XOM: harmless Tloc miscast
 68335 | Vaults:5 | Got a brightly glowing ivory ring
 68343 | Vaults:5 | Got a steaming pewter ring
 68350 | Vaults:5 | Identified the ring "Chuonur" {rC+ rN+} (You found it on level 5 of the Vaults)
 68352 | Vaults:5 | Identified the ring of Skooziso {rElec rN+ SInv} (You found it on level 5 of the Vaults)
 68356 | Vaults:5 | Got a pearl-encrusted plate armour
 68369 | Vaults:5 | Identified the +0 plate armour of Byr Dape {rElec rC+} (You found it on level 5 of the Vaults)
 68583 | Vaults:5 | XOM: noise
 68611 | Vaults:5 | XOM: stat loss: -1 Int (5/6)
 68688 | Vaults:5 | XOM: silly message
 68875 | Vaults:5 | XOM: give mutation
 68875 | Vaults:5 | Lost mutation: Your spells are a little harder to cast, but a little more powerful. [Xom's mischief]
 69010 | Vaults:5 | Got a silver rune of Zot
 69043 | Vaults:5 | XOM: enchant monster (bad)
 69149 | Vaults:5 | Got a sparkling iron ring
 69152 | Vaults:5 | Got a slimy lead amulet
 69157 | Vaults:5 | Identified the amulet of Skudes {rMut SInv} (You found it on level 5 of the Vaults)
 69163 | Vaults:5 | Identified the ring "Dejequr" {Wiz MR++ Dex-4 Stlth+} (You found it on level 5 of the Vaults)
 69211 | Vaults:5 | XOM: chaos cloud
 69787 | Vaults:5 | Got a slimy ivory ring
 70228 | D:11     | XOM: summons 9 hostile demons
 70292 | Lair:2   | Identified the ring of the Raven {rC+ MR+ MP+9 Str-3 Int+2 Dex+2} (You took it off a vault warden on level 5 of the Vaults)
 70406 | D:12     | XOM: vitrification
 70726 | Zot:1    | Entered Level 1 of the Realm of Zot
 70927 | Zot:1    | XOM: polymorph storm dragon -> dire elephant
 70946 | Zot:1    | XOM: fake destruction
 70948 | Zot:1    | XOM: divine lightning
 70965 | Zot:1    | XOM: potion effect (curing)
 71006 | Zot:1    | XOM: blink monster(s)
 71017 | Zot:1    | XOM: noise
 71073 | Zot:1    | XOM: repel stairs
 71075 | Zot:1    | XOM: silly message
 71256 | Zot:1    | Noticed an orb of fire
 71258 | Zot:1    | XOM: harmless Ice miscast
 71275 | Zot:1    | Gained mutation: Armour fits poorly on your strangely shaped body. [an orb of fire]
 71278 | Zot:1    | Killed an orb of fire
 71278 | Zot:1    | Reached skill level 27 in Polearms
 71296 | Zot:1    | XOM: summons friendly shadow imp
 71379 | Zot:1    | XOM: enchant monster (bad)
 71387 | Zot:1    | Reached skill level 5 in Unarmed Combat
 71404 | Zot:1    | Reached XP level 26. HP: 305/310 MP: 24/34
 71459 | Zot:1    | XOM: chaos cloud
 71511 | Zot:1    | Gained mutation: You expend magic power (6 MP) to strengthen your wands. [mutagenic glow]
 71648 | Zot:1    | XOM: noise
 71699 | Zot:1    | Noticed Tiamat
 71707 | Zot:1    | XOM: cast spell 'Summon Butterflies'
 71714 | Zot:1    | XOM: summons friendly quasit
 71716 | Zot:1    | XOM: swap weapons
 71746 | Zot:1    | Noticed an orb of fire
 71770 | Zot:1    | XOM: cast spell 'Dispersal'
 71772 | Zot:1    | Noticed Tiamat
 71772 | Zot:1    | Tiamat changed into Tiamat the shard shrike
 71772 | Zot:1    | XOM: polymorph Tiamat -> Tiamat the shard shrike
 71776 | Zot:1    | Killed Tiamat the shard shrike
 71781 | Zot:1    | Killed an orb of fire
 71815 | Zot:1    | XOM: potion effect (might)
 71817 | Zot:1    | Reached skill level 10 in Unarmed Combat
 71861 | Zot:1    | XOM: confuse monster(s)
 71865 | Zot:1    | Lost mutation: Armour fits poorly on your strangely shaped body. [evolution]
 71870 | Zot:1    | XOM: fog
 71883 | Zot:1    | XOM: summons 2 friendly demons
 72171 | Zot:1    | XOM: enchant monster (bad)
 72180 | Zot:1    | XOM: summons friendly shadow imp
 72258 | Zot:1    | XOM: harmless Hex miscast
 72758 | Zot:2    | XOM: swap weapons
 72759 | Zot:2    | Noticed an ancient lich
 72773 | Zot:2    | XOM: enchant monster (bad)
 72776 | Zot:2    | XOM: blink monster(s)
 73024 | Zot:1    | XOM: stat loss: -1 Int (10/11)
 73066 | Zot:2    | Killed an ancient lich
 73088 | Zot:2    | Reached skill level 15 in Unarmed Combat
 73158 | Zot:2    | XOM: mild Necr miscast
 73414 | Zot:2    | XOM: blink monster(s)
 73433 | Zot:2    | XOM: summons friendly ufetubus
 73441 | Zot:2    | XOM: polymorph black draconian -> sphinx
 73451 | Zot:2    | Reached XP level 27. HP: 249/318 MP: 36/36
 73609 | Zot:2    | XOM: summons 4 hostile shadow creatures
 73635 | Zot:2    | XOM: give mutations
 73635 | Zot:2    | Lost mutation: You have a pair of large horns on your head. [Xom's mischief]
 73635 | Zot:2    | Lost mutation: Your system is resistant to poisons. [Xom's mischief]
 73679 | Zot:2    | XOM: mild Divn miscast
 73689 | Zot:2    | Noticed an ancient lich
 73690 | Zot:2    | XOM: polymorph moth of wrath -> giant orange brain
 73693 | Zot:2    | Noticed an ancient lich
 73703 | Zot:2    | Killed an ancient lich
 73703 | Zot:2    | Reached skill level 15 in Evocations
 73703 | Zot:2    | XOM: divine lightning
 73716 | Zot:2    | Killed an ancient lich
 73805 | Zot:2    | XOM: summons 4 hostile shadow creatures
 73821 | Zot:2    | XOM: give mutation
 73821 | Zot:2    | Lost mutation: You heal very quickly. [Xom's mischief]
 73972 | Zot:2    | XOM: mild Tloc miscast
 74047 | Zot:2    | XOM: harmless Fire miscast
 74417 | Zot:2    | XOM: medium Trmt miscast
 74541 | Zot:2    | XOM: confuse monster(s)
 74758 | Zot:3    | XOM: swap monsters
 74796 | Zot:3    | XOM: summons 5 friendly demons
 74801 | Zot:3    | XOM: summons 2 friendly demons
 74820 | Zot:3    | XOM: vitrification
 74827 | Zot:3    | XOM: confuse monster(s)
 74833 | Zot:3    | XOM: noise
 74918 | Zot:3    | XOM: silly message
 74947 | Zot:3    | XOM: harmless Erth miscast
 75893 | Zot:4    | Noticed an orb of fire
 75903 | Zot:4    | XOM: divination: detect items
 75912 | Zot:4    | XOM: silly message
 75922 | Zot:4    | Killed an orb of fire
 76225 | Zot:4    | XOM: cast spell 'Dispersal'
 76422 | Zot:4    | XOM: confuse monster(s)
 76523 | Zot:4    | XOM: smoke on damage
 76663 | Zot:4    | XOM: cast spell 'Summon Butterflies'
 76674 | Zot:4    | XOM: cast spell 'Summon Butterflies'
 76761 | Zot:4    | XOM: silly message
 76845 | Zot:4    | XOM: silly message
 76868 | Zot:4    | XOM: summons 2 hostile shadow creatures
 77003 | Zot:4    | XOM: harmless Necr miscast
 77187 | Zot:5    | Entered Level 5 of the Realm of Zot
 77192 | Zot:5    | XOM: enchant monster (bad)
 77248 | Zot:5    | XOM: fog
 77249 | Zot:5    | XOM: enchant monster (bad)
 77321 | Zot:5    | XOM: enchant monster (good)
 77475 | Zot:5    | XOM: potion effect (invisibility)
 77501 | Zot:5    | Noticed an ancient lich
 77503 | Zot:5    | XOM: summons friendly shadow imp
 77505 | Zot:5    | XOM: polymorph golden dragon -> shard shrike
 77509 | Zot:5    | XOM: summons 2 friendly demons
 77511 | Zot:5    | XOM: polymorph black draconian -> stone giant
 77515 | Zot:5    | Noticed an orb of fire
 77517 | Zot:5    | Killed an ancient lich
 77518 | Zot:5    | XOM: enchant monster (good)
 77533 | Zot:5    | XOM: swap monsters
 77534 | Zot:5    | Noticed an orb of fire
 77543 | Zot:5    | Killed an orb of fire
 77546 | Zot:5    | XOM: swap monsters
 77556 | Zot:5    | Killed an orb of fire
 77570 | Zot:5    | Noticed an ancient lich
 77578 | Zot:5    | Killed an ancient lich
 77623 | Zot:5    | Noticed an ancient lich
 77635 | Zot:5    | Killed an ancient lich
 77672 | Zot:5    | Noticed an orb of fire
 77678 | Zot:5    | XOM: harmless Summ miscast
 77683 | Zot:5    | Killed an orb of fire
 77689 | Zot:5    | Noticed an ancient lich
 77695 | Zot:5    | Noticed an ancient lich
 77708 | Zot:5    | Killed an ancient lich
 77720 | Zot:5    | Killed an ancient lich
 77838 | Zot:5    | Noticed an ancient lich
 77841 | Zot:5    | Killed an ancient lich
 77855 | Zot:5    | Noticed an ancient lich
 77869 | Zot:5    | XOM: summons 9 friendly demons
 77890 | Zot:5    | XOM: divination: detect items
 78128 | Zot:4    | XOM: harmless Summ miscast
 78187 | Zot:5    | Killed an ancient lich
 78193 | Zot:5    | XOM: harmless Pois miscast
 78260 | Zot:5    | Noticed an orb of fire
 78261 | Zot:5    | Gained mutation: You expend magic power (9 MP) to make your wands much stronger. [an orb of fire]
 78278 | Zot:5    | Killed an orb of fire
 78319 | Zot:5    | XOM: potion effect (brilliance)
 78479 | Zot:5    | XOM: confuse monster(s)
 78525 | Zot:5    | Got the Orb of Zot
 78564 | Zot:5    | Noticed Prufie the pandemonium lord
 78571 | Zot:5    | Noticed an orb of fire
 78583 | Zot:5    | XOM: divination: magic mapping
 78585 | Zot:5    | XOM: enchant monster (good)
 78631 | Zot:4    | Noticed Ugellisk the pandemonium lord
 78759 | Zot:1    | XOM: confuse monster(s)
 78783 | Depths:5 | XOM: noise
 78799 | Depths:5 | XOM: enchant monster (good)
 78814 | Depths:5 | XOM: chaos upgrade
 78817 | Depths:5 | XOM: divination: detect creatures
 78934 | Depths:2 | XOM: enchant monster (bad)
 79036 | D:11     | XOM: enchant monster (good)
 79116 | D:9      | Noticed a hill giant
 79121 | D:9      | Killed a hill giant
 79207 | D:6      | Noticed Foos the pandemonium lord
 79229 | D:6      | XOM: blink monster(s)
 79236 | D:6      | Killed Foos the pandemonium lord
 79323 | D:3      | XOM: god gift: scroll of vulnerability
 79447 | D:$      | Escaped with the Orb!

Action                   |  1- 3 |  4- 6 |  7- 9 | 10-12 | 13-15 | 16-18 | 19-21 | 22-24 | 25-27 || total
-------------------------+-------+-------+-------+-------+-------+-------+-------+-------+-------++-------
Melee: Spear             |   109 |   177 |   536 |   686 |   270 |    34 |     1 |       |       ||  1813
       Glaive            |       |       |       |   170 |   747 |  1368 |  1589 |  2173 |  1800 ||  7847
       Demon trident     |       |       |       |       |       |       |    10 |    18 |   243 ||   271
       Unarmed           |       |       |       |       |       |       |     4 |       |       ||     4
       Great mace        |       |       |       |       |       |       |     1 |       |       ||     1
 Abil: Evoke Berserk Rag |       |       |     1 |     7 |     4 |     4 |    11 |     7 |     2 ||    36
       Breathe Fire      |       |       |       |       |       |       |     1 |     1 |     1 ||     3
       Evoke Flight      |       |       |       |       |       |       |       |     1 |       ||     1
Evoke: Wand              |       |       |    14 |     4 |       |    21 |     9 |    20 |    17 ||    85
       Lamp of fire      |       |       |       |     2 |     1 |     4 |    10 |     9 |    11 ||    37
       Deck              |       |       |       |       |     1 |       |     7 |       |       ||     8
       Stone of tremors  |       |       |       |       |       |       |     4 |     2 |       ||     6
       Disc of storms    |       |       |       |       |       |       |     7 |     8 |     5 ||    20
       Phial of floods   |       |       |       |       |       |       |       |     1 |     6 ||     7
       Phantom mirror    |       |       |       |       |       |       |       |       |     1 ||     1
  Use: Potion            |     3 |     5 |       |     3 |    14 |    22 |    10 |    12 |    15 ||    84
       Scroll            |     4 |     5 |     4 |    11 |     9 |    15 |     6 |    51 |    19 ||   124
 Stab: Sleeping          |       |     2 |     3 |    19 |     8 |       |       |       |       ||    32
       Confused          |       |     4 |     3 |     6 |     3 |     3 |    15 |    10 |     8 ||    52
       Distracted        |       |       |     2 |     2 |       |       |     5 |     1 |     6 ||    16
       Petrifying        |       |       |     1 |     3 |     1 |       |       |     2 |     1 ||     8
       Paralysed         |       |       |       |     8 |     2 |       |       |     1 |       ||    11
       Invisible         |       |       |       |     2 |    12 |     3 |       |    12 |     2 ||    31
       Petrified         |       |       |       |       |       |       |       |       |     2 ||     2
  Eat: Chunk             |     1 |     5 |    12 |     7 |     1 |     4 |    13 |     6 |     3 ||    52
       Beef jerky        |       |       |     2 |     1 |       |     1 |     2 |     6 |     2 ||    14
       Meat ration       |       |       |       |     2 |     4 |     1 |     4 |     7 |     4 ||    22
       Fruit             |       |       |       |    13 |       |     4 |       |     5 |    18 ||    40
       Pizza             |       |       |       |     1 |     1 |       |     1 |     1 |     1 ||     5
       Bread ration      |       |       |       |       |     3 |     8 |     2 |       |       ||    13
       Royal jelly       |       |       |       |       |       |       |     2 |     4 |     1 ||     7
